 Dungeon Crawl Stone Soup version 0.23.0-2-g0fe3ce5 (console) character file.

Game seed: 11778617103435771822

54 bli the Skirmisher (level 4, 0/38 HPs)
             Began as a Formicid Abyssal Knight on Feb 19, 2019.
             Was a Follower of Lugonu.
             Slain by a goblin
             ... wielding a +0 dagger
             ... led by Robin
              (1 damage)
             ... on level 2 of the Dungeon.
             The game lasted 00:02:31 (861 turns).

bli the Skirmisher (Formicid Abyssal Knight)         Turns: 861, Time: 00:02:32

Health: 0/38       AC:  5    Str: 17    XL:     4   Next: 12%
Magic:  6/6        EV: 10    Int: 11    God:    Lugonu [*.....]
Gold:   91         SH:  0    Dex: 11    Spells: 3/3 levels left

rFire    . . .     SeeInvis +   a - +1 hand axe
rCold    . . .     Gourm    .   (no shield)
rNeg     . . .     Faith    .   j - +0 ring mail
rPois    .         Spirit   .   (helmet unavailable)
rElec    .         Reflect  .   (no cloak)
rCorr    .         Harm     .   (no gloves)
MR       .....                  (no boots)
Stlth    ..........             (no amulet)
HPRegen  0.12/turn              f - ring of attention (curse)
MPRegen  0.10/turn              (no ring)

@: lightly drained
A: permanent stasis, dig shafts and tunnels, four strong arms, antennae 3
a: Dig, Shaft Self, Depart the Abyss, Renounce Religion


You were on level 2 of the Dungeon.
You worshipped Lugonu.
Lugonu was aware of your devotion.
You were not hungry.

You visited 1 branch of the dungeon, and saw 2 of its levels.
You visited the Abyss 1 time.

You collected 91 gold pieces.

Inventory:

Hand Weapons
 a - a +1 hand axe (weapon)
Missiles
 p - 27 stones (quivered)
Armour
 b - a +0 leather armour
 j - a +0 ring mail (worn)
Jewellery
 f - a cursed ring of attention (left hand)
Scrolls
 e - 2 scrolls of identify {unknown}
 g - a scroll of teleportation {unknown}
 i - a scroll of vulnerability {unknown}
 m - a scroll of amnesia {unknown}
Potions
 d - a potion of brilliance {unknown}
 h - a potion of lignification {unknown}
 k - a potion of haste {unknown}
 n - a potion of invisibility {unknown}
 o - a potion of berserk rage {unknown}
 q - a potion of resistance {unknown}
Comestibles
 c - 3 rations
 l - 6 chunks of flesh


   Skills:
 + Level 4.3(3.9) Fighting
 + Level 2.3(1.9) Axes
 + Level 2.6(2.2) Armour
 + Level 0.9(0.5) Dodging
 + Level 2.8(2.4) Invocations


You had 3 spell levels left.
You didn't know any spells.
Your spell library was empty.

Dungeon Overview and Level Annotations

Branches:
Dungeon (2/15)

Altars:

Annotations:
D:2 Robin


Innate Abilities, Weirdness & Mutations

You cannot be hasted, slowed, berserked, paralysed or teleported.
You can dig through walls and to a lower floor.
Your four strong arms can wield two-handed weapons with a shield.
You have a pair of large antennae on your head. (SInv)


Message History

You kill the rat!
Lugonu accepts your kill. Robin throws the goblin at you!
The hobgoblin closely misses you. The goblin hits you but does no damage.
Robin barely misses you.
You hit Robin but do no damage.
Robin is heavily wounded.
You closely miss the goblin. You closely miss the hobgoblin.
The goblin no longer looks unusually strong.
The hobgoblin hits you but does no damage.
The goblin hits you with a +0 dagger.
* * * LOW HITPOINT WARNING * * *
Robin barely misses you.
The hobgoblin hits you but does no damage.
You hit Robin.
Robin is almost dead.
You hit the hobgoblin but do no damage. You closely miss the goblin.
You hit the hobgoblin.
You kill the hobgoblin!
Lugonu accepts your kill. The goblin hits you with a +0 dagger.
You die...

.. #.# ..> ##.#
..# #.# .
#..####g######.#
.......l.g@g......
###..####g######..
.....g))gK.##
<##.#####...# {
#...# #...# #...#
#...# {
#####...#######
..............#.
................


You could see Robin, a leopard gecko, 2 hobgoblins, 2 goblins and a kobold.

Vanquished Creatures
  2 adders (D:2)
  A dart slug (D:1)
  A leopard gecko (D:1)
  3 bats
  A giant cockroach (D:1)
  10 goblins
  3 hobgoblins (D:2)
  A frilled lizard (D:1)
  3 kobolds
  5 rats
30 creatures vanquished.

Notes
Turn   | Place    | Note
-------+----------+-------------------------------------------
     0 | Abyss:1  | bli the Formicid Abyssal Knight began the quest for the
                  | Orb.
     0 | Abyss:1  | Reached XP level 1. HP: 18/18 MP: 2/2
    39 | Abyss:1  | Noticed a large abomination
   125 | Abyss:2  | Noticed a death knight
   127 | D:1      | Escaped the Abyss
   177 | D:1      | Reached * piety under Lugonu
   239 | D:1      | Reached XP level 2. HP: 21/24 MP: 3/3
   757 | D:2      | Reached skill level 4 in Fighting
   757 | D:2      | Reached XP level 3. HP: 24/30 MP: 4/4
   832 | D:2      | Noticed Robin
   851 | D:2      | Reached XP level 4. HP: 14/38 MP: 6/6
   860 | D:2      | HP: 1/38 [goblin/+0 dagger[Robin] (1)]
   861 | D:2      | Slain by a goblin

Skill      XL: |  1  2 |
---------------+-------+-----
Fighting       | 4 |  4.3
Axes           | |  2.3
Armour         | |  2.6
Dodging        | |  0.9
Invocations    | |  2.8

Action                   |  1- 3 |  4- 6 || total
-------------------------+-------+-------++-------
Melee: Hand axe          |    73 |     9 ||    82
Invok: Depart the Abyss  |     1 |       ||     1
Armor: Ring mail         |    34 |     9 ||    43
Dodge: Dodged            |    42 |    17 ||    59
